 Dungeon Crawl Stone Soup version 0.29.1-12-g30fa7ad0bf (webtiles) character file.

Game seed: 8540082603064356861

335 Lutefisk the Chopper (level 6, -2/57 HPs)
             Began as a Hill Orc Monk on Dec 28, 2022.
             Slain by a gnoll
             ... wielding a +0 spear
             ... led by a gnoll bouda
              (5 damage)
             ... on level 4 of the Dungeon.
             The game lasted 00:10:29 (1654 turns).

Lutefisk the Chopper (Hill Orc Monk)                Turns: 1654, Time: 00:10:32

Health: -2/57      AC:  4    Str: 22    XL:     6   Next: 53%
Magic:  6/6        EV: 12    Int: 10    God:
Gold:   108        SH:  0    Dex: 13    Spells: 5/5 levels left

rFire   . . .      SeeInvis .   y - +0 flail (protect)
rCold   . . .      Faith    .   (no shield)
rNeg    . . .      Spirit   .   l - +0 leather armour
rPois   +          Reflect  .   (no helmet)
rElec   .          Harm     .   j - +0 cloak
rCorr   .          Rampage  .   (no gloves)
Will    .....                   (no boots)
Stlth   +.........              (no amulet)
HPRegen 0.19/turn               b - +6 ring of strength
MPRegen 0.10/turn               g - ring of poison resistance

@: confused, ambrosia-drunk
A: no striking features
a: no special abilities


You were on level 4 of the Dungeon.
You visited 1 branch of the dungeon, and saw 4 of its levels.

You collected 176 gold pieces.
You spent 68 gold pieces at shops.

Inventory:

Hand Weapons
 a - a +0 hand axe
 e - a +0 spear
 u - a +0 battleaxe
 v - a +1 whip of venom
 y - a +0 flail of protection (weapon)
Missiles
 s - 3 javelins (quivered)
Armour
 f - a scarf of invisibility
 j - a +0 cloak (worn)
 l - a +0 leather armour (worn)
Jewellery
 b - a +6 ring of strength (left hand)
 g - a ring of poison resistance (right hand)
Scrolls
 d - 2 scrolls of teleportation {unknown}
 i - a scroll of enchant weapon {unknown}
 k - a scroll of fog {unknown}
 m - a scroll of magic mapping {unknown}
 q - a scroll of vulnerability {unknown}
 w - a scroll of summoning {unknown}
 x - a scroll of amnesia {unknown}
 z - a scroll of identify {unknown}
Potions
 h - a potion of mutation {unknown}
 n - a potion of berserk rage {unknown}
 o - a potion of curing {unknown}
 p - a potion of cancellation
 r - a potion of magic {unknown}
 t - a potion of degeneration {unknown}


   Skills:
 - Level 6.0 Fighting
 - Level 6.0 Axes
 * Level 3.6 Armour
 - Level 2.4 Dodging
 - Level 1.5 Stealth
 - Level 1.0 Evocations


You had 5 spell levels left.
You didn't know any spells.
Your spell library was empty.

Dungeon Overview and Level Annotations

Branches:
Dungeon (4/15)
 Temple: D:4-7

Altars:
Trog

Shops:
D:2 *


Message History

The gnoll bouda barely misses you.
The gnoll bouda attacks as you move away!
The gnoll bouda hits you with a +0 whip!
The gnoll bouda barks out a call to the hunt!
The gnolls pick up the pace!
Items here: ) †††.
You see here a jackal corpse.
The gnoll bouda gazes fiercely through you!
You feel as though you will be weak longer.
Your attacks no longer feel as feeble.
You start resting.
A gnoll is nearby!
The gnoll shouts!
You hit the gnoll bouda but do no damage.
Your weapon exudes an aura of protection.
The gnoll bouda is moderately wounded.
The gnoll closely misses you.
The gnoll bouda barks out a call to the hunt!
The gnolls pick up the pace!
The gnoll hits you but does no damage. The gnoll barely misses you.
The gnoll hits you but does no damage.
You barely miss the gnoll bouda.
The gnoll bouda is moderately wounded.
The gnoll bouda hits you with a +0 whip!
* * * LOW HITPOINT WARNING * * *
The gnoll hits you from afar with a +0 spear.
* * * LOW HITPOINT WARNING * * *
The gnoll hits you from afar with a +0 spear.
* * * LOW HITPOINT WARNING * * *
It was a potion of cancellation.
You feel magically purged. The gnoll bouda barely misses you.
The gnoll hits you but does no damage.
The gnoll hits you from afar with a +0 spear!
* * * LOW HITPOINT WARNING * * *
You are confused.
You feel invigorated.
The gnoll bouda hits you with a +0 whip.
* * * LOW HITPOINT WARNING * * *
The gnoll closely misses you.
The gnoll hits you from afar with a +0 spear.
You die...

..# ##.##
..## #.#
...# #.#
##.# .# #.#
.##. .# #.#
##.... .#
#.# ...## .#
#.#
.#.##.####.#
####.#
...........#
#gg@.#
.##.......#
#g####
.##.##.##.#
#.# .#
#.##.####.#
...
#.........#
.#.
####.######
##..#####.#
..........#
#.####.###


You could see a gnoll bouda and 2 gnolls.

Vanquished Creatures
  A phantom (D:4)
  A hound (D:4)
  A jelly (D:3)
  An iguana (D:4)
  6 gnolls (D:4)
  3 adders (D:2)
  An ufetubus (D:3)
  3 worms
  3 dart slugs
  2 orcs
  2 endoplasms
  3 giant cockroaches (D:2)
  3 goblins
  6 hobgoblins
  3 jackals (D:4)
  7 kobolds
  3 quokkas (D:2)
  5 ball pythons
  6 bats
  6 frilled lizards
  4 rats
70 creatures vanquished.

Vanquished Creatures (others)
  10 plants (D:1)
10 creatures vanquished.

Grand Total: 80 creatures vanquished

Notes
Turn   | Place    | Note
-------+----------+-------------------------------------------
     0 | D:1      | Lutefisk the Hill Orc Monk began the quest for the Orb.
     0 | D:1      | Reached XP level 1. HP: 19/19 MP: 1/1
    24 | D:1      | Found a faded altar of an unknown god.
    91 | D:1      | Reached XP level 2. HP: 27/27 MP: 2/2
   347 | D:2      | Found Zeoridea's Assorted Antiques.
   356 | D:2      | Reached XP level 3. HP: 18/34 MP: 3/3
   445 | D:2      | Reached skill level 5 in Axes
   451 | D:2      | Bought a scroll labelled LODWIU ZADIANI for 18 gold pieces
   451 | D:2      | Bought a scroll labelled ZUAPSA OTHONG for 18 gold pieces
   451 | D:2      | Bought a purple potion for 16 gold pieces
   451 | D:2      | Bought an amethyst potion for 16 gold pieces
   658 | D:2      | Reached XP level 4. HP: 29/41 MP: 4/4
   759 | D:2      | Reached skill level 5 in Fighting
   834 | D:3      | Found a bloodstained altar of Trog.
   916 | D:3      | Reached XP level 5. HP: 17/48 MP: 5/5
  1395 | D:4      | Reached skill level 1 in Armour
  1429 | D:4      | Noticed a phantom
  1442 | D:4      | Killed a phantom
  1443 | D:4      | Reached XP level 6. HP: 47/57 MP: 6/6
  1610 | D:4      | Reached skill level 1 in Evocations
  1654 | D:4      | Slain by a gnoll

Illustrated notes

Levels and vault maps discovered:
D:1:      roderic_crop_circles_arrival_small, layout_basic,
          hellmonk_ecumenical_altar_pennies_from_heaven
D:2:      layout_loops_ring, serial_shops, nicolae_shop_stone
D:3:      layout_basic, mainiacjoe_overflow_chevrons, hangedman_decor_lopped
D:4:      layout_loops_cross

Skill      XL: |  1  2  3  4  5  6 |
---------------+-------------------+-----
Fighting       | 4 5 6 |  6.0
Axes           | 5 6 |  6.0
Armour         | 3 |  3.6
Evocations     | 1 |  1.0
Dodging        | |  2.4
Stealth        | |  1.5

Action                   |  1- 3 |  4- 6 || total
-------------------------+-------+-------++-------
Melee: Hand axe          |   102 |    86 ||   188
       Spear             |    14 |       ||    14
       Battleaxe         |       |     4 ||     4
       Whip              |       |    14 ||    14
       Flail             |       |    18 ||    18
Throw: Javelin           |       |     2 ||     2
  Use: Potion            |       |     2 ||     2
 Stab: Sleeping          |     4 |     1 ||     5
Armor: Robe              |    15 |       ||    15
       Leather armour    |    17 |    30 ||    47
Dodge: Dodged            |    68 |    71 ||   139
